 Dungeon Crawl Stone Soup version 0.22.0 (webtiles) character file.

77 b5mith the Sneak (level 4, -4/35 HPs)
             Began as a Human Wanderer on Oct 7, 2018.
             Was an Initiate of Nemelex Xobeh.
             Slain by an orc
             ... wielding a +0 hand axe
              (7 damage)
             ... on level 3 of the Dungeon.
             The game lasted 00:11:37 (3173 turns).

b5mith the Sneak (Human Wanderer)                   Turns: 3173, Time: 00:11:37

Health: -4/35      AC:  0    Str:  9 (12) XL:     4   Next: 58%
Magic:  4/4        EV: 18    Int:  9 (11) God:    Nemelex Xobeh [......]
Gold:   72         SH:  0    Dex: 18 (20) Spells: 3/3 levels left

rFire    . . .     SeeInvis .   (weapon currently unavailable)
rCold    . . .     Gourm    .   (shield currently unavailable)
rNeg     . . .     Faith    .   (armour currently unavailable)
rPois    .         Spirit   .   (helmet currently unavailable)
rElec    .         Reflect  .   (cloak currently unavailable)
rCorr    .         Harm     .   (gloves currently unavailable)
MR       .....                  (boots currently unavailable)
Stlth    ++++......             t - amulet of the acrobat
HPRegen  0.11/turn              (ring currently unavailable)
MPRegen  0.09/turn              (ring currently unavailable)

@: agile, pig-form, very quick
A: small
a: Renounce Religion


You were on level 3 of the Dungeon.
You worshipped Nemelex Xobeh.
Nemelex Xobeh was noncommittal.
You were not hungry.
You were a filthy swine.
You visited 1 branch of the dungeon, and saw 3 of its levels.

You collected 72 gold pieces.

Inventory:

Hand Weapons
 a - a +0 quarterstaff (melded)
 c - a +2 dagger
Missiles
 i - 14 sling bullets
Armour
 e - a +0 robe
 g - a +0 pair of gloves (melded)
   (You found it on level 1 of the Dungeon)
 h - a cursed +0 helmet (melded)
   (You found it on level 2 of the Dungeon)
 m - a +0 pair of boots (melded)
   (You found it on level 2 of the Dungeon)
 v - a +0 ring mail (melded)
   (You found it on level 3 of the Dungeon)
Jewellery
 t - an amulet of the acrobat (around neck)
   (You found it on level 3 of the Dungeon)
Wands
 w - a wand of polymorph (6)
   (You found it on level 3 of the Dungeon)
Scrolls
 k - a scroll of enchant armour {unknown}
 l - a scroll of immolation {unknown}
 n - 2 scrolls of remove curse {@r2}
 p - a scroll of teleportation {unknown}
 s - a scroll of fog {unknown}
Potions
 d - a potion of curing {@q1}
Miscellaneous
 q - a plain deck of escape {drawn: 1}
   (Nemelex Xobeh gifted it to you on level 2 of the Dungeon)
Comestibles
 f - 4 rations
 u - 4 chunks of flesh


   Skills:
 + Level 3.4 Fighting
   Level 1.0(2.3) Polearms
 + Level 3.4(3.5) Staves
 - Level 4.0 Stealth
   Level 1.0 Shields


You had 3 spell levels left.
You didn't know any spells.
Your spell library was empty.

Dungeon Overview and Level Annotations

Branches:
Dungeon (3/15)

Altars:
Gozag
Kikubaaqudgha
Nemelex Xobeh
Qazlal
Ru
Sif Muna
Wu Jian

Annotations:
D:2 2 transporters
D:3 1 transporter, Guenter's ghost, amateur DsGl


Message History

Your ring mail prevents you from hitting the howler monkey.
The howler monkey is moderately wounded.
The howler monkey hits you but does no damage.
You barely miss the howler monkey.
The howler monkey is moderately wounded.
The howler monkey hits you.
* * * LOW HITPOINT WARNING * * *
The howler monkey hits you but does no damage.
You closely miss the howler monkey.
The howler monkey is moderately wounded.
The howler monkey hoots and howls with incredible vigour!
You hear a shout!
You hear an angry hiss.
You hit the howler monkey but do no damage.
The howler monkey is moderately wounded.
The howler monkey hits you.
* * * LOW HITPOINT WARNING * * *
You barely miss the howler monkey.
The howler monkey is moderately wounded.
The howler monkey barely misses you. The howler monkey hits you.
* * * LOW HITPOINT WARNING * * *
It was a potion of agility.
You feel agile all of a sudden. The howler monkey closely misses you.
It was a potion of degeneration.
There was something very wrong with that liquid.
You feel weakened.
You feel dopey.
You feel clumsy.
The howler monkey hits you but does no damage.
As you read the scroll labeled FUBLAI PANOEGGI, it crumbles to dust.
It is a scroll of identify.
n - 2 scrolls of remove curse The howler monkey hoots and howls with incredible vigour!
The howler monkey hits you but does no damage.
As you read the scroll of fear, it crumbles to dust.
You assume a fearsome visage.
The howler monkey looks frightened!
The orc looks frightened!
Cornered, the orc turns to fight!
You hit the orc but do no damage. The orc hits you but does no damage.
Aiming: Polymorph
Press: ? - help, Shift-Dir - straight line, f - you You turn into a filthy swine.
Your +0 quarterstaff melds into your body.
Your cursed +0 helmet melds into your body.
Your +0 pair of gloves melds into your body.
Your +0 pair of boots melds into your body.
Your +0 ring mail melds into your body.
You hit the orc but do no damage. The orc hits you but does no damage.
You barely miss the orc. The orc misses you.
You closely miss the orc. The orc hits you with a hand axe!
You die...
Your body disappears without a glow.

#.8.8.#..#####.....# #
#.._..#..# #.....# #
##...##### #.....# #
##.##..######.....#
#.....##.........#
#####.##.#####.###
#.##.#####.# #.##.##....#
#h#........#
#o#.....).)#######
#o#..............# . #####
#.)....#########.# #.. ...#
###.#..# ##_## #..
#.(.o##.#####.#..##8...8##.#
..©.©.o..........##.....##.#
##############.###8.....8#.#
...![...O#####.# ##.....##.#


You could see 2 orcs.

Vanquished Creatures
  An adder (D:2)
  An ooze (D:1)
  A worm (D:3)
  2 dart slugs (D:1)
  5 leopard geckos
  An orc (D:3)
  2 bats
  3 giant cockroaches
  4 goblins
  8 hobgoblins
  A quokka (D:3)
  5 frilled lizards
  6 kobolds
  8 rats
48 creatures vanquished.

Notes
Turn   | Place    | Note
-------+----------+-------------------------------------------
     0 | D:1      | b5mith the Human Wanderer began the quest for the Orb.
     0 | D:1      | b5mith set off with: a +2 dagger, a scroll of fear, a +0 quarterstaff, a potion of curing {@q1}, a +0 robe, a ration
     0 | D:1      | Reached XP level 1. HP: 16/16 MP: 1/1
   145 | D:1      | Reached XP level 2. HP: 23/23 MP: 2/2
   864 | D:1      | Reached XP level 3. HP: 25/28 MP: 3/3
  1782 | D:2      | Found an ancient bone altar of Kikubaaqudgha.
  1825 | D:2      | Found a transporter.
  1826 | D:2      | Noticed a scorpion
  1828 | D:2      | Found a sacrificial altar of Ru.
  1830 | D:2      | Found a transporter.
  1832 | D:2      | Noticed a hungry ghost
  1920 | D:2      | Reached XP level 4. HP: 33/35 MP: 4/4
  1934 | D:2      | Found an opulent altar of Gozag.
  1934 | D:2      | Found a sparkling altar of Nemelex Xobeh.
  1949 | D:2      | Became a worshipper of Nemelex Xobeh the Trickster
  2026 | D:2      | Received a gift from Nemelex Xobeh
  2195 | D:2      | Found an ornate altar of the Wu Jian Council.
  2720 | D:3      | Found a stormy altar of Qazlal.
  3087 | D:3      | Found a deep blue altar of Sif Muna.
  3128 | D:3      | Noticed an ogre
  3129 | D:3      | Found a transporter.
  3132 | D:3      | Noticed an ogre
  3133 | D:3      | Noticed Guenter's ghost (amateur DsGl)
  3173 | D:3      | Slain by an orc

Skill      XL: |  1  2  3 |
---------------+----------+-----
Fighting       | 3 |  3.4
Staves         | 3 |  3.4
Polearms       | |  1.0
Stealth        | |  4.0
Shields        | |  1.0

Action                   |  1- 3 |  4- 6 || total
-------------------------+-------+-------++-------
Melee: Quarterstaff      |    92 |    43 ||   135
       Unarmed           |       |     3 ||     3
Evoke: Wand              |       |     3 ||     3
       Deck              |       |     1 ||     1
  Use: Potion            |     1 |     2 ||     3
       Scroll            |       |     3 ||     3
 Stab: Sleeping          |     5 |    10 ||    15
  Eat: Chunk             |     3 |     1 ||     4
       Ration            |       |     1 ||     1
Armor: Robe              |    14 |    13 ||    27
       Ring mail         |       |     9 ||     9
Dodge: Dodged            |    48 |    27 ||    75
